 Dungeon Crawl Stone Soup version 0.27.0-1-g7a089689b8 (webtiles) character file.

Game seed: 15390384126968511543

219 BOMJPIETVODKU the Digger (level 5, -3/38 HPs)
             Began as a Gnoll Earth Elementalist on Aug 6, 2021.
             Slain by a sky beast (4 damage)
             ... on level 3 of the Dungeon.
             The game lasted 00:04:00 (2538 turns).

BOMJPIETVODKU the Digger (Gnoll Earth Elementalist) Turns: 2538, Time: 00:04:00

Health: -3/38      AC:  2    Str: 14    XL:     5   Next: 96%
Magic:  9/12       EV: 13    Int: 15    God:
Gold:   43         SH:  0    Dex: 12    Spells: 11/14 levels left

rFire    . . .     SeeInvis .   e - +0 dagger
rCold    . . .     Faith    .   (no shield)
rNeg     . . .     Spirit   .   b - +0 robe
rPois    .         Reflect  .   (no helmet)
rElec    .         Harm     .   (no cloak)
rCorr    .         Rampage  .   (no gloves)
Will     .....                  (no boots)
Stlth    +++.......             (no amulet)
HPRegen  0.12/turn              a - +6 ring of strength
MPRegen  0.13/turn              (no ring)

@: mighty
A: fangs 1, strong nose, distributed training
a: no special abilities


You were on level 3 of the Dungeon.
You visited 1 branch of the dungeon, and saw 3 of its levels.

You collected 43 gold pieces.

Inventory:

Hand Weapons
 e - a +0 dagger (weapon)
Missiles
 c - 48 stones
 f - 5 poisoned darts
Armour
 b - a +0 robe (worn)
Jewellery
 a - a +6 ring of strength (left hand)
 l - a +4 ring of evasion
Wands
 i - a wand of flame (19)
Scrolls
 d - a scroll of enchant weapon {unknown}
 j - a scroll of blinking {unknown}
 k - 3 scrolls of identify {unknown}
Potions
 h - a potion of flight {unknown}


   Skills:
 + Level 1.7 Fighting
 + Level 1.7 Short Blades
 + Level 1.7 Long Blades
 + Level 1.7 Axes
 + Level 1.7 Maces & Flails
 + Level 1.7 Polearms
 + Level 1.7 Staves
 + Level 1.7 Slings
 + Level 1.7 Bows
 + Level 1.7 Crossbows
 + Level 1.7 Throwing
 + Level 1.7 Armour
 + Level 4.9 Dodging
 + Level 4.5 Stealth
 + Level 1.7 Shields
 + Level 1.7 Unarmed Combat
 + Level 5.2 Spellcasting
 + Level 1.3 Conjurations
 + Level 1.3 Hexes
 + Level 1.3 Summonings
 + Level 1.3 Necromancy
 + Level 1.3 Translocations
 + Level 2.5 Transmutations
 + Level 1.3 Fire Magic
 + Level 1.3 Ice Magic
 + Level 1.3 Air Magic
 + Level 5.6 Earth Magic
 + Level 1.3 Poison Magic
 + Level 1.9 Invocations
 + Level 1.7 Evocations


You had 11 spell levels left.
You knew the following spells:

 Your Spells              Type           Power      Damage    Failure   Level
a - Sandblast             Erth           40%        2d10      1%          1
b - Passwall              Tmut/Erth      13%        N/A       4%          2

Your spell library contained the following spells:

 Spells                   Type           Power      Damage    Failure   Level
 Stone Arrow              Conj/Erth      28%        3d8       12%         3
 Petrify                  Tmut/Erth      16%        N/A       30%         4


Dungeon Overview and Level Annotations

Branches:
Dungeon (3/15)

Altars:


Innate Abilities, Weirdness & Mutations

You have very sharp teeth.
Your uncanny sense of smell can sniff out nearby items.
Your experience applies equally to all skills.


Message History

c - 50 stones (gained 1)
Things that are here:
a +0 club; a +0 leather armour; a kobold corpse
Found a leather armour.
You start waiting.
Done waiting.
Memorise Passwall, consuming 2 spell levels and leaving 11?
You start memorising the spell.
You continue memorising. x2
You finish memorising.
Spell assigned to 'b'.
Casting: Sandblast (safe; 1% risk of failure)
Confirm with . or Enter, or press ? or * to list all spells.
Aiming: Passwall (safe; 4% risk of failure)
Press: ? - help, Dir - move target A rock wall.
You begin to meditate on the wall.
You continue meditating on the rock. x2
You finish merging with the rock.
A sky beast comes into view.
The sky beast hits you. The sky beast shocks you.
You hit the sky beast but do no damage. The sky beast hits you.
The sky beast shocks you.
You barely miss the sky beast. The sky beast hits you.
The sky beast shocks you.
Aiming: Sandblast (safe; 1% risk of failure)
Press: ? - help, Q - select action, (/) - cycle Shift-Dir - straight line, f - sky beast
Aim: a sky beast (73% to hit)
The blast of sand misses the sky beast.
The sky beast hits you. The sky beast shocks you.
* * * LOW HITPOINT WARNING * * *
Aiming: Sandblast (safe; 1% risk of failure)
Press: ? - help, Q - select action, (/) - cycle Shift-Dir - straight line, f/p - sky beast
Aim: a sky beast (73% to hit)
The blast of sand misses the sky beast.
The sky beast hits you.
* * * LOW HITPOINT WARNING * * *
The sky beast shocks you.
* * * LOW HITPOINT WARNING * * *
It was a potion of might.
You feel very mighty all of a sudden. The sky beast hits you.
You die...

#.....# ..# ....# #.#.#.#
..#.... #.#...# ....
#.#####################.#
#.#...).................#
#.#.#####################
#.#.#.............#
#.#.#.............#
#.#.############@.#
#.#.######## #Y.#
#........... ...#
###.######## #...# ###.#
#...# #...# #...# #.#####
#...# #.....# #...#
#####.#


You could see a sky beast.

Vanquished Creatures
  Sigmund (D:2)
  2 adders
  2 dart slugs (D:1)
  3 endoplasms
  A giant cockroach (D:1)
  4 goblins
  2 hobgoblins
  3 quokkas (D:1)
  2 ball pythons
  A bat (D:3)
  7 frilled lizards
  A kobold (D:3)
  3 rats
32 creatures vanquished.

Notes
Turn   | Place    | Note
-------+----------+-------------------------------------------
     0 | D:1      | BOMJPIETVODKU the Gnoll Earth Elementalist began the quest
                  | for the Orb.
     0 | D:1      | Reached XP level 1. HP: 13/13 MP: 6/6
   242 | D:1      | Reached XP level 2. HP: 12/19 MP: 3/7
   427 | D:1      | Found a faded altar of an unknown god.
  1176 | D:2      | Reached skill level 5 in Spellcasting
  1176 | D:2      | Reached XP level 3. HP: 24/25 MP: 5/9
  1298 | D:2      | Noticed Sigmund
  1303 | D:2      | Killed Sigmund
  1304 | D:2      | Reached skill level 1 in Fighting
  1304 | D:2      | Reached skill level 1 in Short Blades
  1304 | D:2      | Reached skill level 1 in Long Blades
  1304 | D:2      | Reached skill level 1 in Axes
  1304 | D:2      | Reached skill level 1 in Maces & Flails
  1304 | D:2      | Reached skill level 1 in Polearms
  1304 | D:2      | Reached skill level 1 in Staves
  1304 | D:2      | Reached skill level 1 in Slings
  1304 | D:2      | Reached skill level 1 in Bows
  1304 | D:2      | Reached skill level 1 in Crossbows
  1304 | D:2      | Reached skill level 1 in Throwing
  1304 | D:2      | Reached skill level 1 in Armour
  1304 | D:2      | Reached skill level 1 in Shields
  1304 | D:2      | Reached skill level 1 in Unarmed Combat
  1304 | D:2      | Reached skill level 1 in Conjurations
  1304 | D:2      | Reached skill level 1 in Hexes
  1304 | D:2      | Reached skill level 1 in Summonings
  1304 | D:2      | Reached skill level 1 in Necromancy
  1304 | D:2      | Reached skill level 1 in Translocations
  1304 | D:2      | Reached skill level 1 in Fire Magic
  1304 | D:2      | Reached skill level 1 in Ice Magic
  1304 | D:2      | Reached skill level 1 in Air Magic
  1304 | D:2      | Reached skill level 1 in Poison Magic
  1304 | D:2      | Reached skill level 1 in Invocations
  1304 | D:2      | Reached skill level 1 in Evocations
  1304 | D:2      | Reached XP level 4. HP: 3/32 MP: 6/11
  1304 | D:2      | Reached XP level 5. HP: 4/37 MP: 6/12
  2525 | D:3      | Learned a level 2 spell: Passwall
  2531 | D:3      | Noticed a sky beast
  2537 | D:3      | HP: 1/38 [sky beast (5)]
  2538 | D:3      | Slain by a sky beast

Illustrated notes

Levels and vault maps discovered:
D:1:      ncdulo_lavacross, layout_basic, chequers_ecumenical_altar_island
D:2:      layout_basic, uniq_sigmund
D:3:      layout_basic, serial_bayou_pond_a, serial_park_tiny_2,
          chequers_serial_rivers_small_b, minmay_misc_feat_iff

Skill      XL: |  1  2  3 |
---------------+----------+-----
Transmutations | 2 |  2.5
Spellcasting   | 5 |  5.2
Fighting       | 1 |  1.7
Short Blades   | 1 |  1.7
Long Blades    | 1 |  1.7
Axes           | 1 |  1.7
Maces & Flails | 1 |  1.7
Polearms       | 1 |  1.7
Staves         | 1 |  1.7
Slings         | 1 |  1.7
Bows           | 1 |  1.7
Crossbows      | 1 |  1.7
Throwing       | 1 |  1.7
Armour         | 1 |  1.7
Shields        | 1 |  1.7
Unarmed Combat | 1 |  1.7
Conjurations   | 1 |  1.3
Hexes          | 1 |  1.3
Summonings     | 1 |  1.3
Necromancy     | 1 |  1.3
Translocations | 1 |  1.3
Fire Magic     | 1 |  1.3
Ice Magic      | 1 |  1.3
Air Magic      | 1 |  1.3
Poison Magic   | 1 |  1.3
Invocations    | 1 |  1.9
Evocations     | 1 |  1.7
Dodging        | |  4.9
Stealth        | |  4.5
Earth Magic    | |  5.6

Action                   |  1- 3 |  4- 6 || total
-------------------------+-------+-------++-------
Melee: Unarmed           |     4 |       ||     4
       Club              |     1 |       ||     1
       Dagger            |    33 |    28 ||    61
       Bite              |     2 |     2 ||     4
       Punch             |     1 |       ||     1
 Cast: Sandblast         |    15 |    11 ||    26
       Passwall          |       |     1 ||     1
  Use: Potion            |       |     1 ||     1
 Stab: Sleeping          |     3 |     5 ||     8
Armor: Robe              |     5 |     4 ||     9
Dodge: Dodged            |    26 |    15 ||    41
